 Dungeon Crawl Stone Soup version 0.18.1-8-gdd0e5ea (webtiles) character file.

76 Scarto the Skirmisher (level 4, 0/36 HPs)
             Began as a Demonspawn Fighter on May 22, 2016.
             Succumbed to an adder's poison
             ... on level 2 of the Dungeon.
             The game lasted 00:02:15 (1157 turns).

Scarto the Skirmisher (Demonspawn Fighter)          Turns: 1157, Time: 00:02:16

Health: 0/36       AC:  6    Str: 22    XL:     4   Next: 12%
Magic:  4/4        EV:  7    Int: 10    God:
Gold:   69         SH:  9    Dex: 12    Spells: 0 memorised, 3 levels left

rFire  . . .     SeeInvis .     a - +0 war axe
rCold  . . .     Gourm    .     b - +0 scale mail
rNeg   . . .     Faith    .     c - +0 shield
rPois  .         Spirit   .     (helmet restricted)
rElec  .         Dismiss  .     (no cloak)
rCorr  .         Reflect  .     (no gloves)
SustAt .         Harm     .     (no boots)
MR     .....                    (no amulet)
Stlth  ..........               (no ring)
                                (no ring)

@: mighty, lethally poisoned (0 -> -9), not resistant to hostile enchantments,
extremely unstealthy
A: horns 1, demonic guardian 1
a: no special abilities


You were on level 2 of the Dungeon.
You were very hungry.

You visited 1 branch of the dungeon, and saw 2 of its levels.

You collected 69 gold pieces.

Inventory:

Hand Weapons
 a - a +0 war axe (weapon)
Armour
 b - a +0 scale mail (worn)
 c - a +0 shield (worn)
Scrolls
 e - 2 scrolls of recharging {unknown}
 g - 5 scrolls of identify {unknown}
 h - 2 scrolls of blinking {unknown}
 i - 3 scrolls of remove curse {unknown}
 l - 2 scrolls of enchant armour {unknown}
 n - a scroll of teleportation {unknown}
Potions
 m - a potion of curing {unknown}
Comestibles
 f - 3 bread rations
 j - a beef jerky
 k - 4 fruits


   Skills:
 + Level 3.6 Fighting
 + Level 2.3 Axes
 + Level 3.3 Armour
 + Level 3.1 Shields


You had 3 spell levels left.
You didn't know any spells.

Dungeon Overview and Level Annotations

Branches:
Dungeon (2/15)

Altars:
Elyvilon


Innate Abilities, Weirdness & Mutations

You have a pair of small horns on your head.
A weak demonic guardian rushes to your aid.


Message History

The adder is severely wounded.
* * * LOW HITPOINT WARNING * * *
You feel sick. You block the adder's attack. x2
You closely miss the adder.
The adder is heavily wounded.
* * * LOW HITPOINT WARNING * * *
You feel sick. You block the adder's attack. The adder bites you.
* * * LOW HITPOINT WARNING * * *
You barely miss the adder.
The adder is heavily wounded.
* * * LOW HITPOINT WARNING * * *
You feel sick. You block the adder's attack.
You slash the adder!
You kill the adder!
You have reached level 4!
You feel clever.
You feel monstrous as your demonic heritage exerts itself.
Your demonic ancestry asserts itself...
A pair of horns grows on your head!
You die...

###
##..........#.#..........<..
...
....♣...♣..#.#.#.###.......
####
#........#.#.#....##.#...#.
...#
...#.♣..#.#.###.###.....#.
...# #.#.#.#.#########..##.
...#
.##...#.#...............
...#
.............##......###
####
.............##....#>...
######
.......@.....##....#####
.....# ......†......##....#
...... .............##....#
.....# #............##....#
.....# #............##....#
.....# #........)...##....#
.....# #$...........##....#
.....# #............##....#
######


There were no monsters in sight!

Vanquished Creatures
  3 adders (D:2)
  An ooze (D:1)
  A worm (D:2)
  A dart slug (D:1)
  2 giant geckos (D:2)
  4 giant cockroaches
  A goblin (D:1)
  3 hobgoblins (D:1)
  3 jackals (D:2)
  8 kobolds
  2 quokkas (D:2)
  4 bats
  A giant newt (D:1)
  4 rats
38 creatures vanquished.

Notes
Turn   | Place    | Note
--------------------------------------------------------------
     0 | D:1      | Scarto the Demonspawn Fighter began the quest for the Orb.
     0 | D:1      | Reached XP level 1. HP: 18/18 MP: 1/1
    79 | D:1      | Gained mutation: A weak demonic guardian rushes to your aid. [demonic ancestry]
    79 | D:1      | Reached XP level 2. HP: 17/24 MP: 2/2
   452 | D:2      | Found a white marble altar of Elyvilon.
   473 | D:2      | Reached XP level 3. HP: 27/29 MP: 3/3
  1156 | D:2      | HP: 1/29 [poisoned by an adder]
  1157 | D:2      | Gained mutation: You have a pair of small horns on your head. [demonic ancestry]
  1157 | D:2      | Reached XP level 4. HP: 1/36 MP: 4/4
  1157 | D:2      | Succumbed to an adder's poison

Skill      XL: |  1  2  3 |
---------------+----------+-----
Armour         | 3 |  3.3
Axes           | 2 |  2.3
Shields        | 3 |  3.1
Fighting       | |  3.6

Action                   |  1- 3 |  4- 6 || total
-------------------------+-------+-------++-------
Melee: War axe           |   131 |       ||   131
  Use: Potion            |     1 |       ||     1
Armor: Scale mail        |    68 |       ||    68
Dodge: Dodged            |    43 |       ||    43
Block: Shield            |    73 |       ||    73
